 Dungeon Crawl Stone Soup version 0.28-a0-1130-gc51a68064b (webtiles) character file.

Game seed: 10694167430011718877

21702 ragingrage the Cleaver (level 12, -6/115 HPs)
             Began as a Gargoyle Artificer on Dec 12, 2021.
             Was the Champion of Okawaru.
             Mangled by a cane toad (15 damage)
             ... on level 2 of the Lair of Beasts.
             The game lasted 00:28:17 (20646 turns).

ragingrage the Cleaver (Gargoyle Artificer)        Turns: 20646, Time: 00:28:18

Health: -6/115     AC: 25    Str: 17    XL:     12   Next: 92%
Magic:  0/12       EV:  8    Int: 14    God:    Okawaru [******]
Gold:   240        SH:  0    Dex: 12    Spells: 11/11 levels left

rFire   . . .      SeeInvis .   a - +2 hand axe (freeze)
rCold   + . .      Faith    .   (no shield)
rNeg    + . .      Spirit   +   d - +4 chain mail {rC+}
rPois   ∞          Reflect  .   g - +0 helmet
rElec   +          Harm     .   (no cloak)
rCorr   .          Rampage  .   (no gloves)
Will    +....                   F - +0 pair of boots {Stlth+}
Stlth   ..........              L - amulet of guardian spirit
HPRegen 0.29/turn               i - ring of willpower
MPRegen 0.13/turn               (no ring)

@: berserking, studying Evocations, very quick
A: sickness immunity, AC +8, negative energy resistance 1, electricity
resistance, torment resistance 1, petrification resistance
a: Renounce Religion, Heroism, Finesse, Duel


You were on level 2 of the Lair of Beasts.
You worshipped Okawaru.
Okawaru was exalted by your worship.
You visited 3 branches of the dungeon, and saw 14 of its levels.

You collected 724 gold pieces.
You spent 484 gold pieces at shops.

Inventory:

Hand Weapons
 a - a +2 hand axe of freezing (weapon)
 o - the +5 bardiche of Extremism {flame, Str+4}
   (Okawaru gifted it to you on level 2 of the Lair of Beasts)

   It burns those it strikes, dealing additional fire damage.
   Big, fiery blades are also staple armaments of hydra-hunters.
   Str:       It affects your strength (+4).
 B - a +3 morningstar
 J - a +0 broad axe
Missiles
 k - a curare-tipped dart
 n - 59 poisoned darts
 A - 2 javelins
 C - 3 boomerangs of dispersal
Armour
 d - a +4 chain mail of cold resistance (worn)
 g - a +0 helmet (worn)
 F - a +0 pair of boots of stealth (worn)
Jewellery
 i - a ring of willpower (left hand)
 j - a ring of ice
 L - an amulet of guardian spirit (around neck)
Wands
 c - a wand of flame (57) (quivered)
 t - a wand of iceblast (4)
Scrolls
 b - a scroll of blinking
 f - 6 scrolls of teleportation
 q - 5 scrolls of enchant armour
 r - 5 scrolls of identify
 y - 2 scrolls of immolation {unknown}
 E - 2 scrolls of silence {unknown}
 G - a scroll of amnesia
 H - a scroll of noise {unknown}
 I - a scroll of brand weapon
Potions
 l - 5 potions of degeneration
 m - a potion of mutation
 p - a potion of cancellation
 s - 3 potions of brilliance
 u - 2 potions of lignification {unknown}
 v - 2 potions of attraction
 x - a potion of magic {unknown}
 K - a potion of curing
Miscellaneous
 e - a piece from Xom's chessboard (15/15)
 D - a condenser vane (inert)


   Skills:
 + Level 9.9 Fighting
 - Level 14.0 Axes
 - Level 5.0 Armour
 - Level 3.0 Dodging
 - Level 1.1 Stealth
 + Level 12.6 Evocations


You had 11 spell levels left.
You didn't know any spells.
Your spell library contained the following spells:

 Spells                   Type           Power      Damage    Failure   Level
 Slow                     Hex            0%         N/A       98%         1
 Sting                    Tmut/Pois      0%         1d3       98%         1
 Poisonous Vapours        Pois/Air       0%         N/A       99%         2
 Confusing Touch          Hex            0%         N/A       100%        3
 Ignite Poison            Fire/Tmut/Pois 0%         N/A       100%        3
 Mephitic Cloud           Conj/Pois/Air  0%         N/A       100%        3
 Ozocubu's Armour         Ice            0%         N/A       100%        3
 Portal Projectile        Hex/Tloc       0%         N/A       100%        3
 Vampiric Draining        Necr           0%         2d6       100%        3
 Olgreb's Toxic Radiance  Pois           0%         N/A       100%        4
 Blade Hands              Tmut           0%         N/A       100%        5
 Excruciating Wounds      Necr           0%         N/A       100%        5
 Freezing Cloud           Conj/Ice/Air   0%         6-21      100%        5
 Eringya's Noxious Bog    Tmut/Pois      0%         N/A       100%        6
 Ozocubu's Refrigeration  Ice            0%         4d5       100%        7
 Summon Forest            Summ/Tloc      Unusable   N/A       N/A         5
 Summon Hydra             Summ           Unusable   N/A       N/A         7

Dungeon Overview and Level Annotations

Branches:
Dungeon (11/15)            Temple (1/1) D:5            Lair (2/6) D:9
  Snake (0/4) Lair:2
  Swamp: Lair:2-4    Shoals: Lair:2-4       Orc: D:9-12

Altars:
Cheibriados
Elyvilon
Fedhas
Gozag
Hepliaklqana
Kikubaaqudgha
Makhleb
Nemelex Xobeh
Okawaru
Qazlal
Ru
Sif Muna
Wu Jian
Xom
Yredelemnul
Zin

Shops:
D:7 *   D:8 =

Annotations:
D:9 exclusion: downstairs
D:11 1 runed translucent door, 2 exclusions
Lair:1 exclusion: 2 downstairs


Innate Abilities, Weirdness & Mutations

You are immune to sickness and miasma.
Your stone body is resilient. (AC +8)
You are immune to poison.
You resist negative energy. (rN+)
You are resistant to electric shocks. (rElec)
You are resistant to unholy torment.
You are immune to petrification.


Message History

Press: ? - help, Dir - move target, f - two-headed hydra
Aim: a two-headed hydra (severely wounded, about 21% to evade the +5 bardiche of Extremism)
You reach to attack!
You slice one of the two-headed hydra's heads off!
The flame cauterises the wound!
You slash the one-headed hydra! You burn the one-headed hydra.
The one-headed hydra is almost dead.
You hack the one-headed hydra's last head off!
You kill the one-headed hydra!
Okawaru is honoured by your kill.
The cane toad stings you but does no damage.
Okay, then.
It was a potion of berserk rage.
A red film seems to cover your vision as you go berserk!
You feel yourself moving faster!
You feel mighty! The cane toad stings you!
* * * LOW HITPOINT WARNING * * *
You slice the cane toad!! You burn the cane toad!
The cane toad is severely wounded.
The cane toad stings you but does no damage.
You completely miss the cane toad.
The cane toad is severely wounded.
The cane toad stings you.
* * * LOW HITPOINT WARNING * * *
You slice the cane toad!! You burn the cane toad.
You kill the cane toad!
Okawaru accepts your kill.
You carve the cane toad like a ham!!! You burn the cane toad.
You kill the cane toad!
Okawaru accepts your kill.
The +5 bardiche of Extremism {flame, Str+4} stops flaming.
Your +2 hand axe of freezing glows with a cold blue light!
a - a +2 hand axe of freezing (weapon)
The cane toad stings you.
* * * LOW HITPOINT WARNING * * *
You slash the cane toad! You freeze the cane toad.
The cane toad is moderately wounded.
You hit the cane toad. You freeze the cane toad.
The cane toad is heavily wounded.
The cane toad stings you!
You die...

##....#........#
.......... #.....#.......
............ #P....#....##
D########## #...........#
.. ##..........##
.######.#
#..........§######......!.
##....#..##.°......#
#########F#.......#
#@#.##..#.## ###########


You could see a cane toad.

Vanquished Creatures
  Erolcha (D:10)
  A boulder beetle (D:11)
  4 hydras
  2 two-headed ogres
  A swamp dragon (shapeshifter) (D:9)
  A manticore (D:11)
  A cyclops (D:8)
  3 black mambas
  2 centaur zombies (D:11)
  7 cane toads
  Maggie (D:8)
  A komodo dragon (Lair:1)
  2 hornets
  2 polar bears
  A troll (D:11)
  Grinder (D:6)
  3 blink frogs (Lair:2)
  A wraith (D:10)
  A wyvern (D:9)
  A shadow (D:10)
  A basilisk (Lair:1)
  28 yaks
  2 steam dragons
  Menkaure (D:7)
  6 orc warriors
  11 water moccasins
  5 black bears
  2 ogres
  A necrophage (D:5)
  A wolf (Lair:1)
  3 centaurs
  A phantom (D:4)
  3 kobold brigands
  6 bullfrogs
  2 scorpions
  A water moccasin skeleton (D:6)
  4 wights (D:9)
  3 killer bees (D:10)
  4 howler monkeys
  A bullfrog zombie (D:6)
  2 jellies (D:7)
  2 centaur skeletons
  3 orc priests
  A gnoll shaman (D:6)
  3 iguanas
  5 orc wizards
  A killer bee zombie (D:8)
  5 adders
  5 gnolls (D:6)
  2 howler monkey zombies
  2 white imps
  2 worms
  25 orcs
  8 ball pythons
  2 endoplasms (D:1)
  5 giant cockroaches
  8 hobgoblins
  22 kobolds
  A quokka (D:2)
  3 bats (D:1)
  5 frilled lizards
  12 goblins
  6 rats
253 creatures vanquished.

Vanquished Creatures (others)
  41 fungi
  48 plants
89 creatures vanquished.

Grand Total: 342 creatures vanquished

Notes
Turn   | Place    | Note
-------+----------+-------------------------------------------
     0 | D:1      | ragingrage the Gargoyle Artificer began the quest for the
                  | Orb.
     0 | D:1      | Reached XP level 1. HP: 12/12 MP: 1/1
   362 | D:1      | Reached XP level 2. HP: 17/17 MP: 2/2
   709 | D:1      | Found a faded altar of an unknown god.
   833 | D:1      | Reached XP level 3. HP: 21/21 MP: 3/3
  1368 | D:2      | Reached skill level 1 in Axes
  1590 | D:2      | Reached XP level 4. HP: 24/27 MP: 4/4
  2789 | D:4      | Reached skill level 2 in Axes
  2942 | D:4      | Reached XP level 5. HP: 21/31 MP: 5/5
  3415 | D:5      | Entered Level 5 of the Dungeon
  3435 | D:5      | Noticed a necrophage
  3447 | D:5      | Killed a necrophage
  3448 | D:5      | Reached skill level 3 in Axes
  3507 | D:5      | Noticed a black bear
  3515 | D:5      | Killed a black bear
  3516 | D:5      | Reached XP level 6. HP: 36/36 MP: 6/6
  4124 | D:5      | Found a staircase to the Ecumenical Temple.
  4137 | D:5      | Reached skill level 4 in Axes
  4144 | Temple   | Entered the Ecumenical Temple
  4275 | Temple   | Became a worshipper of Warmaster Okawaru
  5328 | D:6      | Reached XP level 7. HP: 4/40 MP: 7/7
  5734 | D:6      | Found a shimmering blue altar of Sif Muna.
  5797 | D:6      | Noticed a steam dragon
  5799 | D:6      | Reached skill level 5 in Axes
  6229 | D:6      | Reached skill level 5 in Evocations
  6400 | D:6      | Noticed Grinder
  6411 | D:6      | Killed Grinder
  6411 | D:6      | Reached * piety under Okawaru
  6412 | D:6      | Reached skill level 6 in Axes
  6412 | D:6      | Reached XP level 8. HP: 35/45 MP: 8/8
  7008 | D:6      | Noticed a yak
  7060 | D:6      | Noticed a yak
  7060 | D:6      | Noticed a yak
  7060 | D:6      | Noticed a yak
  7475 | D:6      | Reached ** piety under Okawaru
  7476 | D:6      | Reached skill level 7 in Axes
  8090 | D:7      | Noticed Menkaure
  8115 | D:7      | Killed Menkaure
  8116 | D:7      | Reached skill level 8 in Axes
  8421 | D:7      | Found Lenouf's Overcharged Wands.
  8487 | D:7      | Reached XP level 9. HP: 49/49 MP: 9/9
  8812 | D:8      | Noticed a cyclops
  8871 | D:7      | Reached skill level 9 in Axes
  9189 | D:8      | Reached *** piety under Okawaru
  9592 | D:8      | Reached skill level 10 in Axes
 10503 | D:8      | Reached skill level 11 in Axes
 10615 | D:7      | Reached **** piety under Okawaru
 10616 | D:7      | Reached XP level 10. HP: 45/54 MP: 10/10
 10739 | D:8      | Found Ozxuwnekk's Jewellery Shoppe.
 11057 | D:8      | Noticed Maggie
 11085 | D:8      | Killed Maggie
 11086 | D:8      | Reached skill level 12 in Axes
 11633 | D:9      | Noticed a harpy
 11633 | D:9      | a shapeshifter changed into a harpy
 11636 | D:9      | a harpy changed into a wind drake
 11645 | D:9      | Noticed a swamp dragon
 11645 | D:9      | a wind drake changed into a swamp dragon
 11661 | D:9      | Killed a swamp dragon
 11661 | D:9      | Reached ***** piety under Okawaru
 11873 | D:9      | Found a staircase to the Lair.
 11927 | D:9      | Reached skill level 13 in Axes
 12638 | D:8      | Killed a cyclops
 13001 | D:8      | Reached XP level 11. HP: 45/58 MP: 9/11
 13032 | D:8      | Reached skill level 14 in Axes
 13071 | D:7      | Reached skill level 1 in Dodging
 13445 | D:9      | Identified a scroll of acquirement
 13446 | D:9      | Acquired a manual of Evocations
 13544 | D:9      | Noticed a two-headed ogre
 13574 | D:9      | Killed a two-headed ogre
 13964 | D:10     | Entered Level 10 of the Dungeon
 13964 | D:10     | Noticed Erolcha
 14019 | D:10     | Killed Erolcha
 14293 | D:10     | Reached ****** piety under Okawaru
 14293 | D:10     | Received a gift from Okawaru
 15028 | D:11     | Found the +7 captain's cutlass {speed, disarm}
 15267 | D:11     | Noticed a four-headed hydra
 15286 | D:11     | Killed a four-headed hydra
 15592 | D:11     | Reached skill level 5 in Fighting
 15652 | D:11     | Noticed a two-headed ogre
 15734 | D:11     | Killed a two-headed ogre
 15735 | D:11     | Reached skill level 5 in Armour
 16107 | D:11     | Found a runed translucent door.
 16198 | D:11     | Noticed a boulder beetle
 16198 | D:11     | Noticed a manticore
 16216 | D:11     | Killed a manticore
 16235 | D:11     | Killed a boulder beetle
 16544 | D:11     | Noticed a skeletal warrior
 16544 | D:11     | Noticed a deep elf pyromancer
 16544 | D:11     | Noticed a brown ugly thing
 16735 | Lair:1   | Entered Level 1 of the Lair of Beasts
 16812 | Lair:1   | Reached XP level 12. HP: 64/71 MP: 12/12
 16921 | Lair:1   | Noticed an eight-headed hydra
 16937 | Lair:1   | Killed an eight-headed hydra
 17446 | D:7      | Bought a wand of flame (55) for 484 gold pieces
 17620 | D:4      | Received a gift from Okawaru
 18533 | Lair:2   | Reached skill level 10 in Evocations
 18801 | Lair:2   | Noticed an eight-headed hydra
 19081 | Lair:2   | Found a staircase to the Snake Pit.
 19196 | Lair:2   | Noticed a five-headed hydra
 19591 | Lair:2   | Noticed a seven-headed hydra
 20062 | Lair:2   | Identified the +5 bardiche of Extremism {flame, Str+4}
                  | (Okawaru gifted it to you on level 2 of the Lair of Beasts)
 20062 | Lair:2   | Received a gift from Okawaru
 20127 | Lair:2   | Noticed a five-headed hydra
 20137 | Lair:2   | Killed a five-headed hydra
 20638 | Lair:2   | Killed a one-headed hydra
 20646 | Lair:2   | Mangled by a cane toad

Illustrated notes

Levels and vault maps discovered:
D:1:      doesnt_arrival_eight_statues, layout_basic,
          shapermc_ecumenical_altar_notcrosses
D:2:      layout_rooms
D:3:      layout_basic, chequers_arboretum, minmay_misc_feat_alley,
          grunt_decor_cap
D:4:      layout_basic
D:5:      layout_loops_ring, minmay_temple_entry_water_ring
D:6:      layout_loops_ring, led_sif_pool, uniq_grinder
D:7:      layout_rooms, nicolae_shop_overcharged_wands, uniq_menkaure
D:8:      layout_basic, serial_shops, shop, grunt_ministairs_3, uniq_maggie
D:9:      layout_basic, grunt_lair_entry_orc_guard_hut, corexii_leaking_fountain
D:10:     layout_rooms, uniq_erolcha
D:11:     minmay_the_grid_triangle_9x9_rhombus_thin_mashed
          [minmay_the_grid_triangle_9x9_tough_junction,
          minmay_the_grid_triangle_9x9_prize_schism,
          minmay_the_grid_triangle_9x9_dagger,
          minmay_the_grid_triangle_9x9_longest], layout_irregular_city
Temple:   compressed_dpeg_triangle_lava_temple
Lair:1:   layout_regular_city
Lair:2:   layout_chaotic_city, minmay_snake_entry_six_corridors,
          beast_lair_carwin_8

Skill      XL: |  1  2  3  4  5  6  7  8  9 10 11 12 |
---------------+-------------------------------------+-----
Evocations     | 3 4 5 6 9 12 | 12.6
Fighting       | 2 6 9 |  9.9
Axes           | 1 2 3 4 6 8 11 13 14 | 14.0
Dodging        | 3 |  3.0
Armour         | 5 |  5.0
Stealth        | |  1.1

Action                   |  1- 3 |  4- 6 |  7- 9 | 10-12 || total
-------------------------+-------+-------+-------+-------++-------
Melee: Club              |    58 |       |       |       ||    58
       Trident           |    41 |       |       |       ||    41
       Hand axe          |    47 |   149 |   384 |   815 ||  1395
       Whip              |       |       |    20 |    85 ||   105
       Punch             |       |       |     2 |     3 ||     5
       Morningstar       |       |       |       |     7 ||     7
       Bardiche          |       |       |       |    12 ||    12
Throw: Dart              |       |    13 |    35 |    45 ||    93
       Javelin           |       |       |    10 |     2 ||    12
       Boomerang         |       |       |     7 |    21 ||    28
Invok: Heroism           |       |       |     4 |    12 ||    16
       Finesse           |       |       |       |     1 ||     1
Evoke: Wand              |       |     7 |     4 |    24 ||    35
       Condenser vane    |       |       |       |     2 ||     2
       Piece from Xom's  |       |       |       |     1 ||     1
  Use: Scroll            |       |       |    10 |    12 ||    22
       Potion            |       |       |     1 |     2 ||     3
 Stab: Confused          |       |       |       |     1 ||     1
Armor: Leather armour    |    77 |    78 |    17 |       ||   172
       Chain mail        |       |       |   248 |   543 ||   791
Dodge: Dodged            |    98 |    55 |   148 |   271 ||   572
Block: Kite shield       |     4 |    69 |       |       ||    73
       Tower shield      |       |       |       |    72 ||    72

Table legend: (Time is in decaauts)
 A = Elapsed time spent in this place.
 B = Non-inter-level travel time spent in this place.
 C = Inter-level travel time spent in this place.
 D = Time resting spent in this place.
 E = Time spent auto-exploring this place.
 F = Levels seen in this place.
 G = Mean time per level.
                   A        B        C        D        E       F      G
               +--------+--------+--------+--------+--------+-----+--------+
         Total |  20499 |  19171 |   1328 |   6029 |   9301 |  14 | 1464.2 |
       Dungeon |  16303 |  15157 |   1146 |   4219 |   7859 |  11 | 1482.1 |
        Temple |    961 |    950 |     11 |    771 |    121 |   1 |  961.0 |
          Lair |   3235 |   3064 |    171 |   1039 |   1321 |   2 | 1617.5 |
               +--------+--------+--------+--------+--------+-----+--------+

Top non-repeatable levels by time:
     D:6: 2787 daAuts
     D:8: 2061 daAuts
     D:9: 2013 daAuts
  Lair:1: 1902 daAuts
     D:7: 1771 daAuts
    D:11: 1673 daAuts
  Lair:2: 1332 daAuts
     D:4: 1240 daAuts
     D:1: 1178 daAuts
     D:5: 1057 daAuts
    D:10: 1000 daAuts
  Temple: 961 daAuts
     D:3: 916 daAuts
     D:2: 603 daAuts
